 Dungeon Crawl Stone Soup version 0.21-a0-630-g344d351 (webtiles) character file.

45 KristoblXynda the Charmwright (level 3, -1/18 HPs)
             Began as a Spriggan Skald on Dec 26, 2017.
             Slain by an adder (5 damage)
             ... on level 2 of the Dungeon.
             The game lasted 00:02:31 (1517 turns).

KristoblXynda the Charmwright (Spriggan Skald)      Turns: 1517, Time: 00:02:32

Health: -1/18      AC:  2    Str:  8    XL:     3   Next: 42%
Magic:  0/8        EV: 19    Int: 14    God:
Gold:   92         SH:  0    Dex: 15    Spells: 0/7 levels left

rFire    . . .     SeeInvis +   h - +0 dagger
rCold    . . .     Gourm    .   (shield restricted)
rNeg     + . .     Faith    .   b - +0 robe
rPois    .         Spirit   .   (helmet restricted)
rElec    .         Reflect  .   (no cloak)
rCorr    .         Harm     .   (gloves unavailable)
MR       .....                  (boots unavailable)
Stlth    ++........             (no amulet)
HPRegen  0.06/turn              i - ring of positive energy
MPRegen  0.11/turn              (no ring)

@: lethally poisoned (-1 -> -5), infused (expiring), flying, very slightly
contaminated, very quick
A: very small, unfitting armour, see invisible, herbivore, speed 3, slow
metabolism 2
a: no special abilities


You were on level 2 of the Dungeon.
You were not hungry.

You visited 1 branch of the dungeon, and saw 2 of its levels.

You collected 92 gold pieces.

Inventory:

Hand Weapons
 h - a +0 dagger (weapon)
Armour
 b - a +0 robe (worn)
Jewellery
 i - a ring of positive energy (left hand)
 l - an uncursed amulet of guardian spirit {unknown}
Wands
 o - a wand of enslavement (15)
Scrolls
 a - 2 scrolls of remove curse {unknown}
 e - a scroll of noise {unknown}
 f - 2 scrolls of identify {unknown}
 g - 3 scrolls of teleportation {unknown}
 j - a scroll of amnesia {unknown}
 k - a scroll of fog {unknown}
Potions
 m - a potion of heal wounds {unknown}
Books
 c - a book of Battle

   Spells                             Type                      Level
   a - Infusion                       Charms                       1
   b - Shroud of Golubria             Charms/Translocation         2
   c - Song of Slaying                Charms                       2
   d - Spectral Weapon                Hexes/Charms                 3
   e - Regeneration                   Charms/Necromancy            3
Comestibles
 d - 2 rations


   Skills:
 - Level 1.5 Fighting
 + Level 2.9 Short Blades
 - Level 4.0 Dodging
 + Level 2.3 Stealth
 + Level 2.9 Spellcasting
 + Level 5.0 Charms


You couldn't memorise any spells.
You knew the following spells:

 Your Spells              Type           Power        Failure   Level  Hunger
a - Infusion              Chrm           ###.         2%          1    #......
b - Regeneration          Chrm/Necr      #.........   22%         3    ###....
c - Spectral Weapon       Hex/Chrm       #.......     22%         3    ###....


Dungeon Overview and Level Annotations

Branches:
Dungeon (2/15)

Altars:


Innate Abilities, Weirdness & Mutations

You are very small and have problems with some larger weapons.
You are too small for most types of armour.
You have supernaturally acute eyesight. (SInv)
You are a herbivore.
You cover ground extremely quickly.
You need consume almost no food.


Message History

The adder is heavily wounded.
The adder bites you.
You are poisoned.
The adder poisons you!
You feel sick.
Okay, then.
Casting: Infusion
Confirm with . or Enter, or press ? or * to list all spells.
You miscast Regeneration.
You are very lightly contaminated with residual magic.
Your skin glows momentarily.
The adder closely misses you.
It was a potion of flight.
You feel very buoyant.
You fly up into the air.
Your magical infusion is running out.
The adder misses you.
You hit the adder.
The adder is heavily wounded.
You feel sick. The adder bites you.
You die...

.# .# .# # #.#.#
############
(.#.#.#..........#
......#.###..###@#
....#...# #..# #S#
÷...###.# #..# #.#
##......# #..# #†#
#......# #..# #.#
##......# #..# #.#
........###### #.#
###..........S ..#
........##### ###


You could see an adder.

Vanquished Creatures
  An adder (D:2)
  A dart slug (D:1)
  A leopard gecko (D:2)
  3 giant cockroaches
  8 goblins
  3 jackals (D:2)
  4 bats (D:1)
  A frilled lizard (D:1)
  5 kobolds
  5 rats
32 creatures vanquished.

Notes
Turn   | Place    | Note
-------+----------+-------------------------------------------
     0 | D:1      | KristoblXynda the Spriggan Skald began the quest for the Orb.
     0 | D:1      | Reached XP level 1. HP: 10/10 MP: 5/5
   208 | D:1      | Reached skill level 1 in Stealth
   277 | D:1      | Reached XP level 2. HP: 9/14 MP: 3/6
  1170 | D:2      | Reached XP level 3. HP: 14/18 MP: 8/8
  1207 | D:2      | Learned a level 3 spell: Regeneration
  1211 | D:2      | Learned a level 3 spell: Spectral Weapon
  1224 | D:2      | Reached skill level 5 in Charms
  1517 | D:2      | Slain by an adder

Vault maps used:
D:1:      saegor_arrival_simple_e
D:2:      serial_co_window_serial, co_window_paths_b, co_window_corner_a,
          co_window_paths_a, co_window_paths_b, co_window_paths_a,
          co_window_corner_b, co_window_of_opportunity_c,
          co_window_unsneaky_path_a, co_window_of_opportunity_c,
          co_window_corner_b, co_window_of_opportunity_b, minmay_pentomino_o2,
          uniq_jessica

Skill      XL: |  1  2  3 |
---------------+----------+-----
Stealth        | 1 2 |  2.3
Dodging        | 4 |  4.0
Charms         | 5 |  5.0
Fighting       | |  1.5
Short Blades   | |  2.9
Spellcasting   | |  2.9

Action                   || total
-------------------------++-------
Melee: Dagger            ||   118
       Short sword       ||    14
 Cast: Infusion          ||     6
  Use: Potion            ||     1
 Stab: Sleeping          ||     6
Armor: Robe              ||    11
Dodge: Dodged            ||   118

Table legend:
 A = Spawn XP
 B = Non-spawn XP
 C = Spawn XP percentage of total XP
 D = Spawn monster count
 E = Non-spawn monster count
 F = Spawn count percentage of total count
 G = Total turns spent on level
                    A         B        C        D         E        F      G
               +---------+---------+-------+---------+---------+-------+---------
         Total |       0 |      65 |   0.0 |       0 |      32 |   0.0 |  1517
               +---------+---------+-------+---------+---------+-------+---------
           D:1 |       0 |      28 |   0.0 |       0 |      17 |   0.0 |   885
           D:2 |       0 |      37 |   0.0 |       0 |      15 |   0.0 |   632
               +---------+---------+-------+---------+---------+-------+---------
